[Event "Chessity Nationale Pupillendag 2019 - Groep F"]
[Site "Meppel, Netherlands"]
[Date "2019.06.29"]
[Round "1.1"]
[White "Grooten, Tommy"]
[Black "Dijkhuijsen, Thomas"]
[Result "1-0"]
[TimeControl "15 min + 10 sec"]
[WhiteElo "1318"]
[BlackElo "532"]

1. e4 e5 2. Nf3 f5 3. Nxe5 Bc5 4. d4 Bd6 5. Qh5+ g6 6. Nxg6 hxg6 7. Qxh8 Kf8 8. e5 Be7 9. Bc4 d5 10.
exd6 Ke8 11. Qxg8+ Kd7 12. Be6+ Kxd6 13. Qxd8+ Bxd8 14. Bxc8 Nc6 15. Bf4+ Kd5 16. Nc3+ Kxd4 17.
O-O-O+ Kc5 18. Be3+ Kb4 19. a3+ Ka5 20. Bxb7 Rb8 21. Bxc6 Ka6 22. Na4 Ka5 23. Nc5 f4 24. Rxd8 Rxd8 25.
Nb7+ Ka6 26. Bc5 Rb8 27. a4 Rxb7 28. b4 Rb8 29. Re1 Rd8 30. Re4 g5 31. b5+ Ka5 32. Bb4+ Kb6 33. a5# 1-0

[Event "Chessity Nationale Pupillendag 2019 - Groep F"]
[Site "Meppel, Netherlands"]
[Date "2019.06.29"]
[Round "1.2"]
[White "Bakker, Tim"]
[Black "Sterk, Ralf"]
[Result "0-1"]
[TimeControl "15 min + 10 sec"]
[WhiteElo "512"]
[BlackElo "962"]

1. e4 e5 2. Nc3 Nc6 3. d3 h6 4. Be3 Nf6 5. Nf3 Be7 6. g3 d6 7. Qd2 Bg4 8. Bg2 Qd7 9. b3 d5 10. exd5 Nxd5 11. Nxd5 Qxd5 12.
Ng1 Qxg2 13. f3 Bxf3 14. Nxf3 Qxh1+ 15. Kf2 Qxa1 16. c3 O-O 17. d4 exd4 18. Nxd4 Nxd4 19. Bxd4 Qh1 20. Qe2 Qxh2+ 21. Ke1 Qxe2+ 22. Kxe2 Rae8 23. Kd2 Bg5+ 24. Kc2 f5 25.
Bxa7 f4 26. gxf4 Rxf4 27. Bd4 Rxd4 28.
cxd4 h5 29. Kd3 h4 30. a4 h3 31. b4 h2 32. a5 h1=Q 33. b5 Qf1+ 34. Kc3 Qc1+ 35. Kd3 Re3# 0-1

[Event "Chessity Nationale Pupillendag 2019 - Groep F"]
[Site "Meppel, Netherlands"]
[Date "2019.06.29"]
[Round "1.3"]
[White "Vijver, Jonathan"]
[Black "Denekamp, Elias"]
[Result "1-0"]
[TimeControl "15 min + 10 sec"]
[WhiteElo "948"]
[BlackElo "499"]

1. e4 e5 2. Nf3 Nc6 3.
d4 exd4 4. Nxd4 Nxd4 5. Qxd4 c5 6. Qd1 Nf6 7. Nc3 d6 8. Bg5 h6 9. Bxf6 Qxf6 10. Nd5 Qd8 11. Bb5+ Bd7 12. Bxd7+ Qxd7 13.
O-O Be7 14. Nxe7 Qxe7 15. Re1 O-O 16. f4 Qh4 17. Qf3 Rae8 18. Rad1 f5 19. e5 dxe5 20. fxe5 Re6 21. Qxb7 Rg6 22.
Qd5+ Kh7 23. e6 Rd8 24. Qxd8 Qg4 25. Qd5 f4 26. Rf1 Rxe6 27. h3 Qg6 28. Qd3 Re4 29. Qd6 Re6 30. Qxf4 Rf6 31. Qe3 Rxf1+ 32. Rxf1 Qxc2 33. Qc3 Qg6 34. Rc1 Qa6 35. Qc2+ g6 36. Qxc5 Qxa2 37. Qe7+ Kh8 38. Rc8+ Qg8 39. Qf6+ Kh7 40. Rc7+ Qf7 41. Rxf7+ Kg8 1-0

[Event "Chessity Nationale Pupillendag 2019 - Groep F"]
[Site "Meppel, Netherlands"]
[Date "2019.06.29"]
[Round "1.4"]
[White "Van Linde, Jules"]
[Black "Pereira Garza, Cecilia"]
[Result "0-1"]
[TimeControl "15 min + 10 sec"]
[WhiteElo "497"]
[BlackElo "929"]

1. e3 d5 2. Qf3 Nf6 3. e4 dxe4 4. Qf4 Nc6 5. g4 e5 6. Qg3 Bxg4 7. h3 Bf5 8. b3 Bd6 9. Qxg7 Rg8 10.
Qxg8+ Nxg8 11. Rh2 Qd7 12. Rg2 O-O-O 13. Bb2 Nf6 14. Bc4 Nh5 15. Nc3 Nf4 16. Rg7 Bg6 17. O-O-O Rh8 18. Nb5 Bf8 19.
Nxa7+ Nxa7 20. Rxg6 hxg6 21. Re1 Nxh3 22. Ne2 Bh6 23. Rd1 Nxf2 24. Bb5 Nxb5 25. Bxe5 Re8 26. Bg3 Nxd1 27. Bf4 Bxf4 28.
Nxf4 Rd8 29. Kxd1 Qxd2# 0-1

[Event "Chessity Nationale Pupillendag 2019 - Groep F"]
[Site "Meppel, Netherlands"]
[Date "2019.06.29"]
[Round "1.5"]
[White "Verwer, Oscar"]
[Black "Uit Oude Groeneveld, Samue"]
[Result "1-0"]
[TimeControl "15 min + 10 sec"]
[WhiteElo "864"]
[BlackElo "492"]

1. e4 e5 2. Nf3 Nc6 3. d4 exd4 4.
Bc4 d5 5. Bxd5 Nf6 6. Bxc6+ bxc6 7. Nxd4 Bc5 8. Be3 Nxe4 9. O-O O-O 10. Nxc6 Qxd1 11. Rxd1 Bxe3 12. fxe3 Bf5 13. Ne7+ Kh8 14.
Nxf5 g6 15. Nd4 Rad8 16. Nc3 Nxc3 17. bxc3 Rfe8 18. Rd3 c5 19. Nc6 Rxd3 20. cxd3 Rxe3 21. Rd1 Re2 22. Nxa7 Rxa2 23. Nb5 Rb2 24.
c4 Ra2 25. d4 Rc2 26. dxc5 Rxc4 27. Rd5 Rc1+ 28. Kf2 Rc2+ 29. Kf3 Rc3+ 30. Nxc3 f5 31. c6 g5 32. Rxf5 Kg7 33. c7 Kg6 34. c8=Q Kh5 35. Qe8+ Kh6 36.
Qf8+ Kh5 37. g4+ Kh4 38. Qh6+ 1-0

[Event "Chessity Nationale Pupillendag 2019 - Groep F"]
[Site "Meppel, Netherlands"]
[Date "2019.06.29"]
[Round "1.6"]
[White "Kurt, Sascha"]
[Black "Aubel, Daan"]
[Result "0-1"]
[TimeControl "15 min + 10 sec"]
[WhiteElo "789"]
[BlackElo "859"]

1. e4 c5 2. Bc4 e6 3. Nc3 a6 4.
Nf3 b5 5. Bd3 Bb7 6. O-O Be7 7. Qe1 Nf6 8. Rb1 d6 9. h3 O-O 10. Ng5 h6 11. Nf3 b4 12. Na4 Bc6 13. b3 Qa5 14.
Qe3 Bxa4 15. bxa4 Qxa4 16. Ra1 Nc6 17. Re1 Na5 18. Nh4 Rfb8 19. Qe2 Rb6 20. e5 Nd5 21. Be4 Rd8 22. c4 Nf4 23.
Qe3 Bxh4 24. Qxf4 Bg5 25. Qg4 Nxc4 26. exd6 Rbxd6 27. Qg3 Bf6 28. Rb1 Qxa2 29. Bb2 Nxb2 30. Qg4 Nd3 31. Bxd3 Rxd3 32.
Rbd1 Rxd2 33. Rf1 Rxd1 34. Rxd1 Rxd1+ 35. Qxd1 Qa1 36. Qf1 Qxf1+ 37. Kxf1 b3 38. g4 b2 39. Ke2 b1=Q 40. g5 Qc2+ 41.
Kf3 Qd3+ 42. Kg2 Bxg5 43. h4 Bxh4 44. f3 Qe2+ 45.
Kh3 Qxf3+ 46. Kxh4 Qg2 47. Kh5 Qg5# 0-1

[Event "Chessity Nationale Pupillendag 2019 - Groep F"]
[Site "Meppel, Netherlands"]
[Date "2019.06.29"]
[Round "2.1"]
[White "Jorritsma, Eli Alia"]
[Black "Grooten, Tommy"]
[Result "0-1"]
[TimeControl "15 min + 10 sec"]
[WhiteElo "666"]
[BlackElo "1318"]

1. e4 c5 2. Nf3 e6 3. Nc3 d6 4.
Be2 Nc6 5. d3 Nf6 6. Be3 a6 7. O-O b5 8. a3 Be7 9. Qd2 O-O 10. Bg5 Qc7 11. Bxf6 Bxf6 12. Rad1 Bb7 13. b4 Nd4 14.
Nxd4 Bxd4 15. bxc5 Qxc5 16. Nb1 Rac8 17. Rc1 Bb2 18. Rcd1 Qxc2 19. Qe3 Qc5 20. Qd2 Bxa3 21. d4 Qb4 22. Qe3 Bb2 23. Rd2 Bc3 24. Rc2 Bxd4 25.
Qc1 Rxc2 26. Qxc2 Bxe4 27. Qxe4 Bxf2+ 28. Rxf2 Qxe4 29. Nd2 Qe3 30. Bf3 Rc8 31. Nf1 Qb6 32. Be2 Rc2 33. Ng3 b4 34.
Bd1 Qxf2+ 35. Kh1 Qe1+ 0-1

[Event "Chessity Nationale Pupillendag 2019 - Groep F"]
[Site "Meppel, Netherlands"]
[Date "2019.06.29"]
[Round "2.2"]
[White "Sterk, Ralf"]
[Black "Koorevaar, Sarah-Joy"]
[Result "0-1"]
[TimeControl "15 min + 10 sec"]
[WhiteElo "962"]
[BlackElo "648"]

1. e4 c5 2. c3 Nc6 3. d4 cxd4 4. cxd4 d6 5. Nc3 Nf6 6. Nf3 Bg4 7. h3 Bxf3 8. gxf3 g6 9. Be3 Bg7 10.
Qd2 O-O 11. Bh6 Bxh6 12. Qxh6 Nxd4 13. Be2 Nc2+ 14. Kf1 Nxa1 15. Bd3 Qb6 16. b3 Qd4 17. Ne2 Qxd3 18. h4 Qd1+ 19. Kg2 Qxe2 20.
h5 Qb2 21. Rg1 Nxh5 22. f4 Qg7 23. Qg5 h6 24. Qh4 f6 25. f5 Rac8 26. fxg6 Qxg6+ 27. Kh2 Qxg1+ 28. Kxg1 Rc1+ 29. Kg2 Rf7 30.
Qxh5 Rg7+ 31. Kf3 Rc3+ 32. Ke2 Nc2 33.
Kd2 Rc5 34. Qxh6 Rg2 35. Qf4 Nd4 36. Kd3 Ne6 37. Qf3 Rgg5 38. Kd2 Nd4 39. Qe3 Rc2+ 40. Kd3 e5 41. Qe1 Rh5 42. Qg1+ Kh7 43.
Qg4 Rh1 44. Qd7+ Kg6 45. Qg4+ Kh6 46. b4 d5 47. f4 dxe4+ 48. Ke3 0-1

[Event "Chessity Nationale Pupillendag 2019 - Groep F"]
[Site "Meppel, Netherlands"]
[Date "2019.06.29"]
[Round "2.3"]
[White "Smets, Cas"]
[Black "Vijver, Jonathan"]
[Result "0-1"]
[TimeControl "15 min + 10 sec"]
[WhiteElo "649"]
[BlackElo "948"]

1. e4 e5 2. Nf3 Nc6 3. Bc4 Nf6 4. O-O d6 5. Nc3 Bg4 6. h3 Bh5 7. Be2 Be7 8. Ng5 Bxe2 9. Qxe2 Nd4 10. Qe1 Nxc2 11. Qe2 Nxa1 12. Qc4 O-O 13. Nd5 Nxd5 14. exd5 Bxg5 15.
d3 Bxc1 16. Rxc1 Rc8 17. Rxa1 c6 18. Qb4 cxd5 19. Qxb7 Qb6 20. Qxd5 Qxb2 21. Rf1 Rc1 22. Qxd6 Rxf1+ 23. Kxf1 Qc1+ 24. Ke2 Qc2+ 25. Ke3 Qa4 26. g4 Qf4+ 27. Ke2 Qd4 28.
Qe7 e4 29. dxe4 Qd8 30. Qxa7 Re8 31. Qe3 Qe7 32. f3 Qb4 33. h4 Qb2+ 34.
Qd2 Qxd2+ 35. Kxd2 g6 36. g5 Kg7 37. Kc3 f5 38. Kd4 fxe4
39. fxe4 h6 40. a4 hxg5 41. hxg5 Kf7 42.
Kc5 Ke7 43. a5 Kd7 44. a6 Rxe4 45.
a7 Ra4 46. Kb6 Ke6 47. Kb7 Kf5 48. a8=Q Rxa8 49. Kxa8 Kxg5 50. Kb7 Kf4 51. Kc6 g5 52. Kd5 g4 53. Kd4 Kf3 54. Kd3 g3 55. Kd2 Kf2 56. Kd3 g2 57.
Kd2 g1=Q 58. Kd3 Qe1 59. Kc4 Qd2 60. Kb5 Qc3 61. Ka6 Qb4 62. Ka7 Qb5 63. Ka8 Ke3 64.
Ka7 Kd4 65. Ka8 Kc5 66. Ka7 Kc6 67. Ka8 Qb7# 0-1

[Event "Chessity Nationale Pupillendag 2019 - Groep F"]
[Site "Meppel, Netherlands"]
[Date "2019.06.29"]
[Round "2.5"]
[White "Heukelom, Aurelia"]
[Black "Verwer, Oscar"]
[Result "1-0"]
[TimeControl "15 min + 10 sec"]
[WhiteElo "643"]
[BlackElo "864"]

1. d4 Nf6 2. c4 g6 3. Nf3 Bg7 4.
Nc3 d5 5. cxd5 Nxd5 6. Nxd5 Qxd5 7. e3 O-O 8. Be2 Bg4 9. O-O c5 10. h3 Bf5 11. dxc5 Qxc5 12. Nd4 Nc6 13. Nxc6 Qxc6 14.
Bf3 Qc7 15. e4 Rfd8 16. Qe2 Be6 17. Bg4 Bc4 18. Qc2 Qc6 19. Re1 Qb6 20. Qxc4 Qa5 21. Rd1 h5 22. Bf3 Rac8 23. Bd2 Qb6 24.
Qb4 Qc7 25. Rac1 Qb8 26. g3 Rd4 27. Qxe7 Rd3 28. Bf4 Rxd1+ 29. Rxd1 Qa8 30. e5 Bf8 31. Qf6 Bg7 32. Qe7 Bf8 33.
Qg5 a5 34. Bxh5 Qa6 35. Bg4 Bg7 36. Bxc8 Qc6 37. Rd8+ Bf8 38. Qh6 Qc5 39. Bg5 Qb4 40. Bf6 Qe1+ 41. Kg2 Qe4+ 42. Kh2 1-0

[Event "Chessity Nationale Pupillendag 2019 - Groep F"]
[Site "Meppel, Netherlands"]
[Date "2019.06.29"]
[Round "2.6"]
[White "Aubel, Daan"]
[Black "Ilin, Anatoli"]
[Result "1-0"]
[TimeControl "15 min + 10 sec"]
[WhiteElo "859"]
[BlackElo "581"]

1. e4 e5 2. Nf3 Nc6 3. Bb5 Be7 4. d3 Nf6 5. Nbd2 O-O 6. Bxc6 dxc6 7. Nxe5 Bd6 8. Nef3 Bg4 9. h3 Bxf3 10.
Nxf3 Be7 11. O-O Ne8 12. Be3 b5 13. Qd2 Rb8 14. Qc3 Bf6 15. e5 Be7 16. a3 Qd7 17. Nd4 c5 18. Nf3 Qc6 19. d4 c4 20. Rab1 b4 21. Qd2 bxa3 22.
bxa3 Rxb1 23. Rxb1 Bxa3 24. Ra1 Bb2 25. Rxa7 Qb6 26. d5 c3 27. Qd3 Qg6 28. Qxg6 hxg6 29. Bc5 Nd6 30. exd6 cxd6 31. Bxd6 Rd8 32. Bb4 Rxd5 33. Rc7 Bc1 34. Rxc3 Bf4 35. Rd3 Rb5 36. Bc3 Rb1+ 37. Ne1 f5 38. g3 Bc7 39. Kg2 Rb6 40. Ba5 Rc6 41. Bxc7 Rxc7 42. Kf3 g5 43. Ke3 Re7+ 44.
Kd2 f4 45. Nf3 fxg3 46. fxg3 g4 47. hxg4 Rf7 48. c4 Rb7 49. Rc3 Rb2+ 50. Ke3 Rg2 51. Kf4 Re2 52. c5 Re8 53. c6 Rf8+ 54.
Ke3 Rc8 55. c7 Kf7 56. Kd4 Ke6 57. Ne5 Kd6 58. Rc6+ Ke7 59. Kd5 g5 60. Rc5 Rxc7 61. Rxc7+ Kf6 62. Rf7+ 1-0

[Event "Chessity Nationale Pupillendag 2019 - Groep F"]
[Site "Meppel, Netherlands"]
[Date "2019.06.29"]
[Round "3.1"]
[White "Grooten, Tommy"]
[Black "Van Rijn, Vincent"]
[Result "1-0"]
[TimeControl "15 min + 10 sec"]
[WhiteElo "1318"]
[BlackElo "779"]

1. e4 e5 2. Nf3 Nf6 3. Nxe5 Qe7 4. d4 d6 5. Nf3 Nxe4 6. Be2 d5 7. Nbd2 Bf5 8. Nxe4 Bxe4 9. Be3 Qb4+ 10. Nd2 Qxb2 11. Nxe4 dxe4 12. Rb1 Qxa2 13.
Rxb7 Qa5+ 14. Bd2 Qd5 15. Rxc7 Nc6 16. c4 Qd6 17. Rb7 Rb8 18. Rxb8+ Qxb8 19. Qa4 Qc7 20. d5 Bc5 21. Qxc6+ Qxc6 22.
dxc6 O-O 23. O-O Rc8 24. Rb1 Bb6 25.
c5 Bxc5 26. c7 Bb6 27. Bf4 h6 28. Bg4 Bxc7 29. Bxc8 Bxf4 30. g3 Bd6 31. Bf5 g6 32. Bxe4 f5 33. Bd5+ Kg7 34. Rb7+ Kf6 35. Rxa7 Bc5 36. Ra6+ Ke5 37. Bc4 Kd4 38. Bb3 Kc3 39. Rc6 Kd4 40. Rxg6 Ke4 41. Re6+ Kf3 42. Bd1# 1-0

[Event "Chessity Nationale Pupillendag 2019 - Groep F"]
[Site "Meppel, Netherlands"]
[Date "2019.06.29"]
[Round "3.3"]
[White "Witlox, Floris"]
[Black "Pereira Garza, Cecilia"]
[Result "0-1"]
[TimeControl "15 min + 10 sec"]
[WhiteElo "675"]
[BlackElo "929"]

1. e4 e6 2. Nf3 d5 3. exd5 exd5 4.
g3 Nf6 5. Bg2 Bd6 6. O-O O-O 7. Nc3 Bb4 8. Re1 Nc6 9. d4 Bg4 10. a3 Bxc3 11. bxc3 Re8 12. Bg5 Rxe1+ 13. Qxe1 h6 14.
Bxf6 Qxf6 15. Qe2 Kf8 16. h3 Bxf3 17. Bxf3 Re8 18. Qd1 Re6 19. Bxd5 Rd6 20. Qf3 Qe7 21. c4 Nxd4 22. Qe4 Qxe4 23. Bxe4 b6 24. Rd1 c5 25. Kf1 Re6 26.
Bf5 Nxf5 27. g4 Nd4 28. c3 Nc2 29. f4 Ne3+ 30. Ke2 Nxg4+ 31. hxg4 Re3+ 0-1

[Event "Chessity Nationale Pupillendag 2019 - Groep F"]
[Site "Meppel, Netherlands"]
[Date "2019.06.29"]
[Round "3.4"]
[White "Koorevaar, Sarah-Joy"]
[Black "Aubel, Daan"]
[Result "1-0"]
[TimeControl "15 min + 10 sec"]
[WhiteElo "648"]
[BlackElo "859"]

1. e4 c5 2. Nf3 e6 3. d4 cxd4 4. Nxd4 Nf6 5. Nc3 d6 6. Bg5 Be7 7. Bb5+ Bd7 8. Bxf6 Bxf6 9. Bxd7+ Nxd7 10.
O-O Nc5 11. b4 Nd7 12. Ncb5 Qb6 13. a4 Bxd4 14. Nxd4 Qxb4 15. Nb5 O-O 16. Nxd6 Rfd8 17. c4 Nc5 18. Rb1 Qc3 19. Qe2 Rxd6 20.
e5 Rdd8 21. Rfc1 Qd4 22. Rd1 Qf4 23. g3 Qg5 24. h4 Qe7 25. Rb5 b6 26. Rb2 Nxa4 27. Ra2 Rxd1+ 28. Qxd1 Nc3 29. Qf3 Nxa2 30.
Qxa8+ Qf8 31. Qxa7 Nc3 32. Qxb6 h6 33. c5 Qc8 34. c6 Nd5 35. Qb7 Qd8 36. Qd7 Qb8 37. Qd6 Nc7 38. f4 Kh7 39.
Qd7 Kg6 40. h5+ Kxh5 41. Qxf7+ g6 42. Kg2 Qe8 43. Kh3 1-0

[Event "Chessity Nationale Pupillendag 2019 - Groep F"]
[Site "Meppel, Netherlands"]
[Date "2019.06.29"]
[Round "3.5"]
[White "Kurt, Sascha"]
[Black "Heukelom, Aurelia"]
[Result "1-0"]
[TimeControl "15 min + 10 sec"]
[WhiteElo "789"]
[BlackElo "643"]

1. e4 e5 2. d4 Nc6 3. d5 Nd4 4. c3 Nf3+ 5. Nxf3 d6 6. Bc4 Bg4 7. Bb5+ Bd7 8. Bxd7+ Qxd7 9. Qb3 b6 10.
O-O Nf6 11. Re1 Be7 12. Bg5 O-O 13. c4 h6 14. Bh4 Ng4 15. Bxe7 Qxe7 16. h3 Nf6 17. Nc3 a5 18. Nb5 a4 19.
Qd3 Rac8 20. Na7 Ra8 21. Nc6 Qd7 22. b3 a3 23. Rac1 Nh5 24. Nh4 Nf4 25. Qg3 Nh5 26. Qf3 Nf4 27.
Nf5 g6 28. Nxh6+ Kg7 29. Ng4 f5 30. exf5 Rxf5 31. Ne3 Rf7 32. Rcd1 Nd3 33. Nf5+ Qxf5 34. Qxf5 Rxf5 35. Rxd3 Raf8 36.
Re2 e4 37. Rde3 Re8 38. Rxe4 Rxe4 39. Rxe4 Rf7 40. Re7 Rxe7 41. Nxe7 Kf7 42. Nc6 Kf6 43. g4 Ke5 44. Kg2+ Kf4 45. h4 Kxg4 46. Nb4 Kxh4 47. Na6 Kg4 48.
Nxc7 Kf4 49. Nb5 Ke5 50. Nxa3 Kd4 51. Nb5+ Kc5 52. f4 Kb4 53. Kg3 Ka5 54. Kg4 Ka6 55. Kg5 Kb7 56. Kxg6 Kc8 57. f5 Kd7 58. f6 Kc8 59. f7 Kd7 60. Nxd6 Kxd6 61. f8=Q+ Kd7 62. Qf7+ Kd6 63. Qf6+ Kc5 64. Qe7+ Kd4 65. Qa7 Kc3 66. Qxb6 Kd3 67.
Qc5 Ke4 68. Kg5 Ke5 69. d6+ Ke6 70. Qd5+ Kd7 71. Kf6 Kd8 72. Qf7 Kc8 73. Qc7# 1-0

[Event "Chessity Nationale Pupillendag 2019 - Groep F"]
[Site "Meppel, Netherlands"]
[Date "2019.06.29"]
[Round "3.6"]
[White "Gelten, Evan"]
[Black "Sterk, Ralf"]
[Result "0-1"]
[TimeControl "15 min + 10 sec"]
[WhiteElo "710"]
[BlackElo "962"]

1. e4 e5 2. Nf3 Nc6 3. Bc4 Bc5 4. O-O d6 5. Nc3 Bg4 6. d3 h6 7. h3 Bh5 8. Be3 Nf6 9. a3 O-O 10.
Re1 Nd4 11. Bxd4 Bxd4 12. Bd5 c6 13. Bb3 Qd7 14. g4 Bg6 15. Qd2 h5 16. Kf1 hxg4 17. hxg4 Qxg4 18. Ke2 Bh5 19. Kd1 Qxf3+ 20. Kc1 Bxf2 21. Re2 Bg3 22. Qe3 Bf4 23. Kd2 Bxe3+ 24. Rxe3 Qf4 25. Rh1 Ng4 26.
Rxh5 Qxe3+ 27. Kd1 Nf2# 0-1

[Event "Chessity Nationale Pupillendag 2019 - Groep F"]
[Site "Meppel, Netherlands"]
[Date "2019.06.29"]
[Round "4.1"]
[White "Pereira Garza, Cecilia"]
[Black "Grooten, Tommy"]
[Result "0-1"]
[TimeControl "15 min + 10 sec"]
[WhiteElo "929"]
[BlackElo "1318"]

1. d4 Nf6 2. c4 g6 3. Nc3 Bg7 4.
e4 d6 5. f4 O-O 6. Nf3 Re8 7.
Be3 Bg4 8. Be2 Qc8 9. O-O Nc6 10. d5 Nb8 11. Qb3 Na6 12. Rac1 Nc5 13. Bxc5 dxc5 14. Nd2 Bxe2 15. Nxe2 Qg4 16. Qf3 Qxf3 17. Rxf3 h5 18.
Nb3 b6 19. e5 Ng4 20. Rd1 Rad8 21. Rfd3 Rd7 22. Nd2 c6 23. Nf3 Red8 24. d6 exd6 25. Rxd6 Rxd6 26. Rxd6 Rxd6 27. exd6 Kf8 28.
h3 Ne3 29. Ne5 Bxe5 30. fxe5 Nxc4 31. d7 Ke7 32. Nf4 Nxe5 0-1

[Event "Chessity Nationale Pupillendag 2019 - Groep F"]
[Site "Meppel, Netherlands"]
[Date "2019.06.29"]
[Round "4.2"]
[White "Kurt, Sascha"]
[Black "Vijver, Jonathan"]
[Result "1-0"]
[TimeControl "15 min + 10 sec"]
[WhiteElo "789"]
[BlackElo "948"]

1. e4 c5 2. Nf3 d6 3. d4 cxd4 4. Nxd4 Nf6 5. Nc3 a6 6. f4 e5 7. Nf3 Nc6 8. Bd3 Bg4 9. O-O Nd4 10. Be2 Qb6 11. Kh1 Nxe2 12. Qxe2 Be7 13. h3 Bh5 14.
g4 Nxg4 15. hxg4 Bxg4 16. Rg1 Bh5 17. Rf1 Bg4 18. Rg1 Bxf3+ 19. Qxf3 Bf6 20. fxe5 Bxe5 21. Nd5 Qd8 22. Qh3 Bd4 23.
Rf1 Rc8 24. c3 Be5 25. Qh5 g6 26. Qh3 h5 27. Bf4 Bxf4 28. Nxf4 Qg5 29. Qg2 Qh4+ 30. Qh2 Qe7 31. Rae1 Rc4 32.
Nd5 Qe6 33. b3 Rxe4 34. Nc7+ Kd7 35. Nxe6 Kxe6 36. Rxe4+ Kd5 37. Rd4+ Kc6 38. Qxd6+ Kb5 39. c4+ Ka5 40. Qc5+ b5 41. cxb5 axb5 42. b4+ Ka4 43. Qc2+ Ka3 44. Qb3# 1-0

[Event "Chessity Nationale Pupillendag 2019 - Groep F"]
[Site "Meppel, Netherlands"]
[Date "2019.06.29"]
[Round "4.3"]
[White "Bultstra, Tycho"]
[Black "Koorevaar, Sarah-Joy"]
[Result "1-0"]
[TimeControl "15 min + 10 sec"]
[WhiteElo "559"]
[BlackElo "648"]

1. e4 c5 2. Nf3 Nc6 3. Nc3 d6 4.
Bc4 Bg4 5. O-O Nd4 6. d3 Nxf3+ 7. gxf3 Bh3 8. Re1 Nf6 9. Bg5 g6 10. Bxf6 exf6 11. Qd2 Bg7 12. Qe3 O-O 13. f4 Bh6 14. Qxh3 Bxf4 15. Qh4 Bg5 16.
Qg3 Re8 17. Qf3 Qe7 18. Nd5 Qe5 19. Nc7 Bd2 20. Re2 Qxb2 21. Rf1 Qxc2 22. Nxe8 Rxe8 23. Qxf6 Rf8 24. Qxd6 Qc3 25. Qxc5 Re8 26.
Qd5 Re5 27. Qxf7+ Kh8 28. Qf8# 1-0

[Event "Chessity Nationale Pupillendag 2019 - Groep F"]
[Site "Meppel, Netherlands"]
[Date "2019.06.29"]
[Round "4.4"]
[White "Sterk, Ralf"]
[Black "Vogels, Mathijs"]
[Result "1-0"]
[TimeControl "15 min + 10 sec"]
[WhiteElo "962"]
[BlackElo "572"]

1. e4 e6 2. Nf3 g5 3. Nc3 g4 4. Ng1 Bc5 5. d4 Bb6 6. Bf4 Ba5 7. a3 d6 8. f3 gxf3 9. Nxf3 Qf6 10. Bg5 Qg7 11. Bf4 Qf6 12. g3 e5 13. dxe5 dxe5 14. Bxe5 Qb6 15. Bxh8 Qc5 16. Qd3 Bb6 17. Bd4 Qc6 18. Bg2 Bxd4 19. Qxd4 Qe6 20. O-O-O b6 21. Qd8# 1-0

[Event "Chessity Nationale Pupillendag 2019 - Groep F"]
[Site "Meppel, Netherlands"]
[Date "2019.06.29"]
[Round "4.5"]
[White "Aubel, Daan"]
[Black "Koster, Benjamin"]
[Result "1-0"]
[TimeControl "15 min + 10 sec"]
[WhiteElo "859"]
[BlackElo "541"]

1. e4 e5 2. Nf3 Nc6 3.
Bb5 Nf6 4. d3 Nd4 5. Nc3 Bb4 6. Bc4 O-O 7. Bd2 d6 8. a3 Bxc3 9. Bxc3 Bg4 10. h3 Nxf3+ 11. gxf3 Bh5 12. Qe2 Qd7 13.
O-O-O b5 14. Ba2 Rab8 15. Rdg1 g6 16. Rh2 Rbe8 17. Qe3 d5 18. Qg5 d4 19. Bb4 c5 20. Bxc5 Rc8 21. Bxf8 Qc7 22.
Bb1 Qa5 23. Qxf6 Rxc2+ 24. Bxc2 Kxf8 25.
Qxe5 b4 26. Qxa5 Bxf3 27. Qxb4+ Kg8 28. Rg3 Bh5 29. Qb8+ Kg7 30. Qe5+ Kg8 31. Qxh5 Kf8 32. Qe5 a5 33. Rf3 1-0

[Event "Chessity Nationale Pupillendag 2019 - Groep F"]
[Site "Meppel, Netherlands"]
[Date "2019.06.29"]
[Round "4.6"]
[White "Van Rijn, Vincent"]
[Black "Denekamp, Elias"]
[Result "1-0"]
[TimeControl "15 min + 10 sec"]
[WhiteElo "779"]
[BlackElo "499"]

1. e4 e5 2. Nf3 Nc6 3. d4 exd4 4. Nxd4 Nxd4 5. Qxd4 c5 6. Qe3 Nf6 7. Bc4 d6 8.
Nc3 Bd7 9. Nd5 Nxd5 10. exd5+ Be7 11. Qg3 Bf6 12. Qxd6 Qe7+ 13. Qxe7+ Bxe7 14.
O-O O-O 15. Bf4 Bf5 16. Rfe1 Bf6 17. c3 Rab8 18. Bxb8 Rxb8 19. f3 b5 20. Be2
Re8 21. Bxb5 Rxe1+ 22. Rxe1 h5 23. d6 a5 24. Re8+ Kh7 25. d7 Bxd7 26. Bxd7 g5
27. Bf5+ Kg7 28. Rc8 g4 29. fxg4 hxg4 30. Bxg4 Be7 31. Kf2 Bh4+ 32. g3 Be7 33.
Ra8 c4 34. Rxa5 Bd8 35. Rd5 Bb6+ 36. Kf3 Bc7 37. Rc5 Bd6 38. Rxc4 Be5 39. Ke4
Bf6 40. h3 Be7 41. Rc7 Bf8 42. Be6 Kg6 43. Bxf7+ Kh6 44. Bd5 Bg7 45. h4 Kh7 46.
h5 Kh8 1-0

[Event "Chessity Nationale Pupillendag 2019 - Groep F"]
[Site "Meppel, Netherlands"]
[Date "2019.06.29"]
[Round "5.1"]
[White "Grooten, Tommy"]
[Black "Kurt, Sascha"]
[Result "1-0"]
[TimeControl "15 min + 10 sec"]
[WhiteElo "1318"]
[BlackElo "789"]

1. e4 e5 2. Nf3 Nc6 3. Bc4 Bc5 4. c3 Nf6 5. d3 d6 6.
Nbd2 Be6 7. Bb3 Na5 8. Bxe6 fxe6 9.
b4 Bxf2+ 10. Kxf2 Ng4+ 11. Ke1 Ne3 12. Qa4+ Nc6 13. Rg1 O-O 14. Ke2 Ng4 15. h3 Nf6 16. Qb3 Qd7 17. Nf1 d5 18.
exd5 Nxd5 19. Be3 Nxe3 20. Nxe3 Rad8 21. Rad1 Rf4 22. Rgf1 a5 23. b5 a4 24. Qa3 Ne7 25. Nxe5 Rxf1 26.
Nxd7 Rxd1 27. Qxe7 Rxd7 28. Qe8# 1-0

[Event "Chessity Nationale Pupillendag 2019 - Groep F"]
[Site "Meppel, Netherlands"]
[Date "2019.06.29"]
[Round "5.2"]
[White "Vijver, Jonathan"]
[Black "Bultstra, Tycho"]
[Result "1-0"]
[TimeControl "15 min + 10 sec"]
[WhiteElo "948"]
[BlackElo "559"]

1. e4 e5 2. Nf3 Nc6 3.
d4 exd4 4. Bc4 Bc5 5. c3 dxc3 6. Bxf7+ Kxf7 7. Qd5+ Kf8 8.
Qxc5+ d6 9. Qxc3 Nf6 10. Bg5 h6 11. Bxf6 Qxf6 12. Qxf6+ gxf6 13. Nh4 Nd4 14. O-O Nc2 15. Ng6+ Kg8 16.
Nxh8 Nxa1 17. Na3 Kxh8 18. Rxa1 c6 19. Nc4 b5 20. Nxd6 Be6 21. e5 Rd8 22. f4 fxe5 23. fxe5 h5 24. b3 Kg7 25. Rf1 a6 26. Nb7 Rd5 27. Na5 Rxe5 28. Nxc6 Rc5 29. Nd4 Bd7 30. h3 Kg6 31. Ne2 b4 32. Nf4+ Kh6 33. Rd1 Bf5 34. Rd6+ Kg5 35. Ne6+ Kf6 36.
Nxc5+ Ke5 37. Rxa6 Kd4 38. Ne6+ Ke5 39. Ng7 Bd3 40. Ra5+ Kd4 41. Nxh5 Be2 42. Nf4 Ke3 43. Nxe2 Kxe2 44.
h4 Ke3 45. h5 Kd3 46. h6 Kc3 47. h7 Kd3 48. h8=Q Ke4 49. Qe5+ Kd3 50.
Rd5+ Kc2 51. Qe2+ Kc3 52. Qc4+ Kb2 53. Rd2+ Kb1 54. Qc2+ Ka1 55. Rd1# 1-0

[Event "Chessity Nationale Pupillendag 2019 - Groep F"]
[Site "Meppel, Netherlands"]
[Date "2019.06.29"]
[Round "5.3"]
[White "Witlox, Floris"]
[Black "Sterk, Ralf"]
[Result "0-1"]
[TimeControl "15 min + 10 sec"]
[WhiteElo "675"]
[BlackElo "962"]

1. e4 e5 2. Nf3 Nc6 3. Bc4 Bc5 4.
O-O d6 5. d3 Bg4 6. h3 Bh5 7.
Nc3 Nd4 8. Be3 Nxf3+ 9. Bd2 Qh4+ 10. gxf3 Bxf2+ 11. Kh2 Bg1+ 12. Kxg1 Qg3+ 0-1

[Event "Chessity Nationale Pupillendag 2019 - Groep F"]
[Site "Meppel, Netherlands"]
[Date "2019.06.29"]
[Round "5.4"]
[White "Smets, Cas"]
[Black "Pereira Garza, Cecilia"]
[Result "1-0"]
[TimeControl "15 min + 10 sec"]
[WhiteElo "649"]
[BlackElo "929"]

1. e4 e6 2. d4 d5 3. e5 c5 4. Nf3 Nc6 5. c4 cxd4 6. Nxd4 Bb4+ 7. Bd2 Bxd2+ 8. Qxd2 Nxe5 9. Nc3 Nxc4 10. Bxc4 dxc4 11. O-O-O Nf6 12. f3 O-O 13. g4 a6 14. g5 Nd5 15. Nxd5 exd5 16. Ne2 Be6 17. Nd4 b5 18. f4 Qc7 19. f5 Bd7 20. f6 gxf6 21. gxf6 Kh8 22. Qh6 Rg8 23. Rhg1 Qe5 24. Rg7 Qe4 25. Rdg1 Bf5 26. Rxg8+ Rxg8 27. Rxg8+ Kxg8 28. Qg7# 1-0

[Event "Chessity Nationale Pupillendag 2019 - Groep F"]
[Site "Meppel, Netherlands"]
[Date "2019.06.29"]
[Round "5.5"]
[White "Feenstra, Bram"]
[Black "Aubel, Daan"]
[Result "0-1"]
[TimeControl "15 min + 10 sec"]
[WhiteElo "410"]
[BlackElo "859"]

1. e3 e5 2. Nf3 Nc6 3. Nc3 Nf6 4.
d4 d6 5.
dxe5 dxe5 6. Qxd8+ Kxd8 7. Bc4 Ke8 8. Nb5 Bd6 9. Ng5 Rf8 10. O-O h6 11. Nxf7 Rxf7 12. Bxf7+ Kxf7 13. Rd1 Ke7 14.
b3 a6 15. Nc3 Bf5 16. h3 Bxc2 17. Rd2 Bg6 18. Nd5+ Nxd5 19. Rxd5 Ke6 20. Rd2 Bb4 21. Re2 Bd3 22. a3 Bxe2 23.
axb4 Nxb4 24. Ba3 Nc2 25. Ra2 Nxa3 26. Rxe2 Rd8 27. Ra2 Nb5 28. f4 Rd3 29. Re2 Rxb3 30. g4 Nd6 31. f5+ Kf6 32.
h4 Nc4 33. g5+ hxg5 34. h5 Rb1+ 35. Kh2 Rb2 36. Rxb2 Nxb2 37. Kg3 a5 38. Kf2 a4 39. Ke2 a3 40. Kd2 a2 41. Ke2 a1=Q 42. Kf3 Kxf5 43. e4+ Kf6 44. Kg4 Qg1+ 45. Kh3 Qh1+ 46. Kg3 Qxh5 47. Kg2 Qg4+ 48.
Kh2 Nd3 49. Kh1 Ne1 50. Kh2 Qg2# 0-1